 Dungeon Crawl Stone Soup version 0.29-a0-982-gaed3a0c8d8 (webtiles) character file.

Game seed: 10461008655869470519

56 flotson the Sneak (level 3, -1/29 HPs)
             Began as a Demonspawn Delver on Aug 2, 2022.
             Slain by a kobold brigand
             ... wielding a +0 dagger
              (2 damage)
             ... on level 4 of the Dungeon.
             The game lasted 00:02:43 (1289 turns).

flotson the Sneak (Demonspawn Delver)               Turns: 1289, Time: 00:02:43

Health: -1/29      AC:  3    Str: 20    XL:     3   Next: 71%
Magic:  3/3        EV: 12    Int: 11    God:
Gold:   42         SH:  0    Dex: 14    Spells: 2/2 levels left

rFire   . . .      SeeInvis .   a - +0 dagger (speed)
rCold   . . .      Faith    .   (no shield)
rNeg    . . .      Spirit   .   d - +0 leather armour
rPois   .          Reflect  .   (no helmet)
rElec   .          Harm     .   (no cloak)
rCorr   .          Rampage  .   (no gloves)
Will    .....                   (no boots)
Stlth   ++........              (no amulet)
HPRegen 0.09/turn               l - +6 ring of strength
MPRegen 0.08/turn               (no ring)

@: no status effects
A: spiny 1
a: no special abilities


You were on level 4 of the Dungeon.
You visited 1 branch of the dungeon, and saw 2 of its levels.

You collected 42 gold pieces.

Inventory:

Hand Weapons
 a - a +0 dagger of speed (weapon)
 b - a +0 sling
 c - a +0 trident
Missiles
 f - 6 poisoned darts (quivered)
Armour
 d - a +0 leather armour (worn)
Jewellery
 l - a +6 ring of strength (left hand)
Wands
 g - a wand of digging (2)
Scrolls
 h - a scroll of identify {unknown}
 j - a scroll of blinking {unknown}
 k - a scroll of fog
Potions
 i - a potion of attraction {unknown}


   Skills:
 + Level 3.5 Fighting
 - Level 1.7 Polearms
 + Level 1.3 Armour
 + Level 2.4 Dodging
 - Level 4.5 Stealth
 + Level 1.4 Evocations


You had 2 spell levels left.
You didn't know any spells.
Your spell library was empty.

Dungeon Overview and Level Annotations

Branches:
Dungeon (5/15)
 Temple: D:4-7

Altars:


Innate Abilities, Weirdness & Mutations

You are partially covered in sharp spines.


Message History

There is a stone staircase leading down here.
You climb downwards.
The orc is struck by your spines. The orc hits you with a +0 flail!
The kobold brigand hits you with a +0 dagger.
The kobold is struck by your spines.
You kill the kobold!
There is a stone staircase leading up here.
The orc hits you with a +0 flail.
The kobold brigand completely misses you.
The kobold hits you but does no damage.
You climb upwards.
There is a stone staircase leading down here.
As you read the scroll of fear, it crumbles to dust.
You assume a fearsome visage.
The kobold brigand easily resists.
The kobold looks frightened!
The orc looks frightened!
The kobold brigand completely misses you.
You hit the orc.
You kill the orc!
The kobold brigand barely misses you.
Okay, then.
Unknown command.
Okay, then.
You hit the kobold brigand but do no damage.
The kobold brigand hits you with a +0 dagger!
* * * LOW HITPOINT WARNING * * *
You barely miss the kobold brigand. You closely miss the kobold brigand.
The kobold brigand barely misses you.
You barely miss the kobold brigand.
The kobold brigand hits you with a +0 dagger.
* * * LOW HITPOINT WARNING * * *
The kobold howls in fear.
You barely miss the kobold brigand.
You hit the kobold brigand but do no damage.
The kobold brigand is struck by your spines.
The kobold brigand hits you with a +0 dagger.
* * * LOW HITPOINT WARNING * * *
You hit the kobold brigand.
The kobold brigand is moderately wounded.
The kobold brigand hits you with a +0 dagger.
You die...

### ##'#########
#.....#....#
#####.....#.##.###
#)K.......+......#
#@###.....#....#.#
#)####.##.#......#
###................#
#................#.#
#..............#.#.#
#..................#
#.......#.#..#.#.#..
#..K....#.#.........
#.......#.###.......


You could see a kobold brigand and a kobold (fleeing).

Vanquished Creatures
  A hound (D:4)
  An adder (D:4)
  An orc (D:4)
  An endoplasm (D:4)
  A giant cockroach (D:4)
  A goblin (D:4)
  A hobgoblin (D:4)
  A quokka (D:4)
  9 kobolds
17 creatures vanquished.

Vanquished Creatures (others)
  A kobold (D:5)
  15 plants (D:5)
16 creatures vanquished.

Grand Total: 33 creatures vanquished

Notes
Turn   | Place    | Note
-------+----------+-------------------------------------------
     0 | D:5      | flotson the Demonspawn Delver began the quest for the Orb.
     0 | D:5      | Reached XP level 1. HP: 18/18 MP: 1/1
    10 | D:5      | Noticed a phantom
    36 | D:5      | Noticed a necrophage
    38 | D:5      | Noticed an iguana
    62 | D:5      | Noticed a hound
   259 | D:4      | Gained mutation: You are partially covered in sharp spines.
                  | [demonic ancestry]
   259 | D:4      | Reached XP level 2. HP: 10/24 MP: 2/2
   381 | D:4      | Reached skill level 1 in Armour
   381 | D:4      | Reached skill level 1 in Evocations
   381 | D:4      | Reached XP level 3. HP: 13/29 MP: 3/3
  1017 | D:5      | Noticed a kobold brigand
  1288 | D:4      | HP: 1/29 [kobold brigand/+0 dagger (4)]
  1289 | D:4      | Slain by a kobold brigand

Illustrated notes

Levels and vault maps discovered:
D:4:      layout_basic, minmay_misc_feat_secret_circle
D:5:      kennysheep_kobold_camp, layout_gridville

Skill      XL: |  1  2 |
---------------+-------+-----
Dodging        | 2 |  2.4
Armour         | 1 |  1.3
Evocations     | 1 |  1.4
Fighting       | |  3.5
Polearms       | |  1.7
Stealth        | |  4.5

Action                   || total
-------------------------++-------
Melee: Dagger            ||    56
       Spear             ||     5
       Punch             ||     2
 Fire: Sling             ||    10
Evoke: Wand              ||     1
  Use: Scroll            ||     2
       Potion            ||     1
Armor: Leather armour    ||     4
Dodge: Dodged            ||    37

Table legend: (Time is in decaauts)
 A = Elapsed time spent in this place.
 B = Non-inter-level travel time spent in this place.
 C = Inter-level travel time spent in this place.
 D = Time resting spent in this place.
 E = Time spent auto-exploring this place.
 F = Levels seen in this place.
 G = Mean time per level.
                   A        B        C        D        E       F      G
               +--------+--------+--------+--------+--------+-----+--------+
         Total |   1258 |   1258 |      0 |    525 |    526 |   2 |  629.0 |
       Dungeon |   1258 |   1258 |      0 |    525 |    526 |   2 |  629.0 |
               +--------+--------+--------+--------+--------+-----+--------+

Top non-repeatable levels by time:
     D:4: 1142 daAuts
     D:5: 115 daAuts
